AoeStats
← K

Black Forest

509417124Analyzed
3v3 RM · 7d ago on Sep 26, 2026· 44m 8s· 6 players
Game mode
Random Map
Map size
Normal (6 player)
Population
200
Speed
Normal
Resources
Standard
Victory
Conquest
Starting age
Dark Age
Ending age
Imperial Age
RankedLock teamsTeams togetherTeam positionsShared explorationLock speedFull tech treeHidden civsTurbo modeCheats
Victory
Defeat
🇨🇳 Cumans · China
1404
+12
🇩🇪 Bohemians · Germany
1305
+16
🇬🇧 Persians · United Kingdom
1177
+21
🇵🇱 Japanese · Poland
1336
-18
🇧🇪 Bohemians · Belgium
1299
-16
🇱🇾 Persians · Libya
1265
-15
Saladin
6:50 Loom
10:10 Feudal Age
11:15 Double-Bit Axe
15:49 Fletching
23:43 Castle Age
22:38 Horse Collar
23:52 Crossbowman
24:28 Bodkin Arrow
30:05 Bow Saw
38:05 Imperial Age
38:46 Wheelbarrow
38:52 Wagenburg Tactics
40:21 Hand Cart
40:36 Hussite Reforms
42:25 Chemistry
41:40 Masonry
41:50 Ballistics
42:12 Pikeman
42:53 Squires
42:38 Arson
42:49 Houfnice
43:54 Halberdier
44:37 Scale Mail Armor
44:47 Forging
骑兵不怕死
9:06 Feudal Age
9:40 Double-Bit Axe
15:28 Horse Collar
20:08 Castle Age
20:20 Castle Age
20:02 Wheelbarrow
20:02 Forging
20:04 Bloodlines
20:00 Scale Barding Armor
23:22 Iron Casting
23:00 Bow Saw
22:51 Heavy Plow
23:48 Chain Barding Armor
23:08 Capped Ram
24:36 Capped Ram
37:34 Scale Mail Armor
38:38 Pikeman
39:19 Squires
39:04 Arson
39:35 Chain Mail Armor
39:52 Hand Cart
39:23 Loom
39:23 Town Watch
45:36 Imperial Age
K
10:44 Feudal Age
16:08 Castle Age
14:11 Double-Bit Axe
17:13 Scale Barding Armor
20:43 Husbandry
21:44 Bloodlines
22:32 Loom
26:26 Wheelbarrow
25:36 Town Watch
26:09 Bow Saw
28:13 Gold Mining
28:04 Horse Collar
29:09 Heavy Plow
32:53 Gold Shaft Mining
32:31 Forging
32:41 Chain Barding Armor
35:53 Imperial Age
35:33 Stone Mining
35:34 Cavalier
36:52 Plate Barding Armor
36:54 Iron Casting
39:08 Two-Man Saw
37:54 Savar
40:44 Hand Cart
43:22 Blast Furnace
44:12 Fletching
45:34 Chemistry
45:14 Crop Rotation
Hane
7:05 Loom
9:56 Feudal Age
12:13 Fletching
13:21 Double-Bit Axe
14:54 Padded Archer Armor
22:29 Castle Age
23:06 Wheelbarrow
22:32 Crossbowman
23:10 Bodkin Arrow
23:13 Fishing Lines
26:31 Bow Saw
32:03 Sanctity
boxe
0:30 Loom
11:17 Feudal Age
12:59 Double-Bit Axe
16:32 Castle Age
16:03 Wheelbarrow
23:33 Scale Barding Armor
25:32 Fishing Lines
26:18 Bow Saw
26:03 Pikeman
26:28 Horse Collar
27:15 Horse Collar
28:34 Squires
28:41 Scale Mail Armor
29:12 Gold Mining
31:04 Chain Mail Armor
30:59 Forging
GoodFunHaveLuck
12:33 Feudal Age
16:19 Castle Age
14:31 Double-Bit Axe
20:25 Loom
21:36 Bloodlines
33:28 Imperial Age
32:04 Husbandry
32:17 Forging
32:13 Scale Barding Armor
33:58 Iron Casting
33:44 Cavalier
34:46 Chain Barding Armor
Connection lost

Rejoining the realm…

Still unreachable

The connection could not be restored.

Session expired

The server has moved on; the page needs a fresh start.